 Dungeon Crawl Stone Soup version 0.18.1-50-g88ac8fd (webtiles) character file.

18 MrBudgens the Chiller (level 2, -3/19 HPs)
             Began as a Merfolk Ice Elementalist on Oct 5, 2016.
             Slain by a giant gecko (5 damage)
             ... on level 2 of the Dungeon.
             The game lasted 00:06:36 (340 turns).

MrBudgens the Chiller (Merfolk Ice Elementalist)     Turns: 340, Time: 00:06:37

Health: -3/19      AC:  2    Str:  8    XL:     2   Next: 70%
Magic:  5/5        EV: 13    Int: 14    God:
Gold:   14         SH:  0    Dex: 14    Spells: 1 memorised, 4 levels left

rFire  . . .     SeeInvis .     h - +0 dagger
rCold  . . .     Gourm    .     a - +0 robe
rNeg   . . .     Faith    .     (no shield)
rPois  .         Spirit   .     (no helmet)
rElec  .         Dismiss  .     (no cloak)
rCorr  .         Reflect  .     (no gloves)
SustAt .         Harm     .     (no boots)
MR     .....                    (no amulet)
Stlth  ++........               (no ring)
                                (no ring)

@: not resistant to hostile enchantments, unstealthy
A: change form in water, swift swim
a: no special abilities


You were on level 2 of the Dungeon.
You were not hungry.

You visited 1 branch of the dungeon, and saw 2 of its levels.

You collected 14 gold pieces.

Inventory:

Hand Weapons
 h - a +0 dagger (weapon)
Armour
 a - a +0 robe (worn)
 d - a +0 leather armour
 j - a cursed -1 ring mail
Scrolls
 e - a scroll of identify {unknown}
 f - 2 scrolls of magic mapping {unknown}
 g - a scroll of amnesia {unknown}
 k - a scroll of remove curse {unknown}
Books
 b - a book of Frost

   Spells                             Type                      Level
   a - Freeze                         Ice                          1
   b - Throw Frost                    Conjuration/Ice              2
   c - Ozocubu's Armour               Charms/Ice                   3
   d - Throw Icicle                   Conjuration/Ice              4
   e - Summon Ice Beast               Ice/Summoning                4
Comestibles
 c - a bread ration
 i - 5 chunks of flesh


   Skills:
 + Level 0.2 Fighting
 + Level 2.8 Dodging
 + Level 2.2 Stealth
 * Level 2.1 Spellcasting
   Level 0.7 Conjurations
 * Level 4.0 Ice Magic


You had 4 spell levels left.
You knew the following spells:

 Your Spells              Type           Power        Failure   Level  Hunger
a - Freeze                Ice            ##..         4%          1    #......


Dungeon Overview and Level Annotations

Branches:
Dungeon (2/15)

Altars:


Message History

You start resting.
Magic restored.
Found a stone staircase leading down.
You now have 14 gold pieces.
A rat comes into view.
A rat comes into view.
There is a stone staircase leading down here.
You climb downwards.
A giant gecko and a hobgoblin come into view.
Found a scroll labeled AMONOU MEISEO.
There is a stone staircase leading up here.
The hobgoblin shouts!
The hobgoblin completely misses you.
You see here a scroll labeled AMONOU MEISEO.
k - a scroll labeled AMONOU MEISEO The giant gecko bites you.
The hobgoblin hits you with a club.
* * * LOW HITPOINT WARNING * * *
The giant gecko completely misses you. The giant gecko bites you.
You die...

###########
#.........#
#.........#
#.........#
#.........###
#..<....l@..#
#.........#..#
#......g..#
....
#.........#
#...
#.........# #.
####.######
#.. ... ....


You could see a giant gecko and a hobgoblin.

Vanquished Creatures
  An ooze (D:1)
  A dart slug (D:1)
  A bat (D:1)
  A giant cockroach (D:1)
  3 goblins (D:1)
  A hobgoblin (D:1)
  2 jackals (D:1)
10 creatures vanquished.

Notes
Turn   | Place    | Note
--------------------------------------------------------------
     0 | D:1      | MrBudgens the Merfolk Ice Elementalist began the quest for the Orb.
     0 | D:1      | Reached XP level 1. HP: 13/13 MP: 3/3
     2 | D:1      | Noticed a demonspawn
     2 | D:1      | Noticed a gargoyle
     4 | D:1      | Noticed a formicid
     4 | D:1      | Noticed a spriggan
     7 | D:1      | Noticed a ghoul
     7 | D:1      | Noticed a tengu
     9 | D:1      | Noticed a minotaur
     9 | D:1      | Noticed a merfolk
    11 | D:1      | Noticed an elf
    11 | D:1      | Noticed a felid
    13 | D:1      | Noticed a draconian
    13 | D:1      | Noticed a dwarf
    15 | D:1      | Noticed an octopode
    15 | D:1      | Noticed a human
    17 | D:1      | Noticed a halfling
    19 | D:1      | Noticed a demigod
    21 | D:1      | Noticed a vampire
    23 | D:1      | Noticed a troll
    26 | D:1      | Noticed an ogre
    26 | D:1      | Noticed a centaur
    28 | D:1      | Noticed a naga
    28 | D:1      | Noticed a vine stalker
   170 | D:1      | Reached XP level 2. HP: 7/19 MP: 0/5
   245 | D:1      | Reached skill level 4 in Ice Magic
   340 | D:2      | Slain by a giant gecko

Skill      XL: |  1  2 |
---------------+-------+-----
Ice Magic      | 4 |  4.0
Fighting       | |  0.2
Dodging        | |  2.8
Stealth        | |  2.2
Spellcasting   | |  2.1
Conjurations   | |  0.7

Action                   || total
-------------------------++-------
Melee: Unarmed           ||    15
       Dagger            ||     9
 Cast: Freeze            ||    18
  Use: Potion            ||     1
Armor: Robe              ||     7
Dodge: Dodged            ||    48
